 Dungeon Sprint DCSS version 0.31-a0-1591-g515db51633 (webtiles) character file.

Game seed: 15835870525577175616

233 Conn the Firebug (level 6, 0/36 HPs)
             Began as an Octopode Fire Elementalist on Jan 6, 2024.
             Was an Initiate of Sif Muna.
             Slain by a polar bear (4 damage)
             ... in the Dungeon (Sprint II: "The Violet Keep of Menkaure").
             The game lasted 00:05:46 (383 turns).

Conn the Firebug (Octopode Fire Elementalist)        Turns: 383, Time: 00:05:47

Health: 0/36       AC:  1    Str:  8    XL:     6   Next: 5%
Magic:  3/15       EV: 14    Int: 19    God:    Sif Muna [......]
Gold:   397        SH:  0    Dex: 12    Spells: 2/17 levels left

rFire   . . .        e - +3 dagger
rCold   . . .        (no shield)
rNeg    . . .        (helmet restricted)
rPois   .            p - amulet of magic regeneration
rElec   .            (no ring)
rCorr   .            (no ring)
SInv    .            (no ring)
Will    .....        (no ring)
Stlth   +++++        (no ring)
HPRegen 0.26/turn    (no ring)
MPRegen 0.54/turn    (no ring)
                     (no ring)

%: no teleportation, random rage (3%)
@: very slightly contaminated
A: almost no armour, amphibious, 8 rings, camouflage 1, gelatinous body 1,
nimble swimmer 1, tentacles, antennae 1, berserk 1
a: Renounce Religion


You were in the Dungeon.
You worshipped Sif Muna.
Sif Muna was noncommittal.
You visited 1 branch You collected 397 gold pieces.

Inventory:

Hand Weapons
 e - a +3 dagger (weapon)
Magical Staves
 n - a staff of alchemy
Jewellery
 p - an amulet of magic regeneration (around mantle)
Scrolls
 j - a scroll of revelation
 k - a scroll of enchant armour
Potions
 a - 7 potions of magic
 b - a potion of curing
 c - a potion of heal wounds
 d - 2 potions of enlightenment
 g - a potion of degeneration
 h - a potion of attraction
 i - a potion of brilliance
 m - 2 potions of resistance
 o - 3 potions of berserk rage


   Skills:
 + Level 0.0 Fighting
 + Level 4.9 Dodging
 - Level 4.3 Stealth
 - Level 1.1 Unarmed Combat
 * Level 6.1 Spellcasting
 * Level 5.5 Conjurations
 + Level 0.0 Hexes
 + Level 0.0 Summonings
 + Level 7.1 Fire Magic
 * Level 0.0 Invocations


You had 2 spell levels left.
You knew the following spells:

 Your Spells              Type           Power      Damage    Failure   Level
a - Foxfire               Conj/Fire      100%       2x1d9     1%          1
b - Scorch                Fire           66%        2d7       1%          2
c - Inner Flame           Hex/Fire       19%        N/A       8%          3
d - Flame Wave            Conj/Fire      29%        2d9       9%          4
e - Summon Small Mammal   Summ           20%        N/A       11%         1
f - Summon Blazeheart Go  Fire/Summ      19%        N/A       26%         4

Your spell library contained the following spells:

 Spells                   Type           Power      Damage    Failure   Level
 Slow                     Hex            20%        N/A       11%         1
 Volatile Blastmotes      Fire/Tloc      38%        2d13      8%          3
 Call Canine Familiar     Summ           5%         N/A       32%         3
 Confusing Touch          Hex            5%         N/A       32%         3
 Sigil of Binding         Hex            5%         N/A       32%         3
 Tukima's Dance           Hex            5%         N/A       32%         3
 Vampiric Draining        Necr           5%         2d6       32%         3
 Passage of Golubria      Tloc           5%         N/A       73%         4
 Yara's Violent Unravell  Hex/Alch       2%         3d3       97%         5


Dungeon Overview and Level Annotations

Branches:
Dungeon (1/1)

Altars:
Cheibriados
Dithmenos
Elyvilon
Fedhas
Gozag
Hepliaklqana
Kikubaaqudgha
Makhleb
Nemelex Xobeh
Okawaru
Qazlal
Ru
Sif Muna
Trog
Uskayaw
Vehumet
Wu Jian
Xom
Yredelemnul
Zin
The Shining One
Jiyva
Lugonu


Innate Abilities, Weirdness & Mutations

You cannot wear most types of armour.
You are amphibious.
You can wear up to eight rings at the same time.
Your skin changes colour to match your surroundings (Stealth+).
Your rubbery body absorbs attacks. (AC +1, EV +1)
You are camouflaged when in or above water. (Stealth+)
You have tentacles for arms and can constrict up to eight enemies at once.
You have a pair of small antennae on your head.
You sometimes lose your temper in combat.


Message History

Press: ? - help, Dir - move target, f/p - polar bear
Aim: a polar bear (chance to affect: 74%)
You miscast Inner Flame.
Nothing appears to happen.
The polar bear bites you! The polar bear claws you. x2
Unknown command.
Casting: Inner Flame (dangerous; 8% risk of failure)
Confirm with . or Enter, or press ? or * to list all spells.
Aiming: Inner Flame (dangerous; 8% risk of failure)
Press: ? - help, Dir - move target, f/p - polar bear
Aim: a polar bear (chance to affect: 74%)
The polar bear is filled with an inner flame.
The polar bear closely misses you. The polar bear claws you. x2
* * * LOW HITPOINT WARNING * * *
You feel much better. The polar bear bites you! The polar bear claws you.
The polar bear closely misses you.
Unknown command.
Casting: Inner Flame (dangerous; 8% risk of failure)
Confirm with . or Enter, or press ? or * to list all spells.
Casting: Flame Wave (quite dangerous; 9% risk of failure)
Press: ? - help, Dir - look around, f - activate A wave of flame ripples out!
The flame wave engulfs the polar bear!
The polar bear is moderately wounded. (Press . to intensify the flame waves.)
The hornet buzzes angrily.
The polar bear is engulfed in a cloud of scalding steam.
The polar bear bites you!
* * * LOW HITPOINT WARNING * * *
The polar bear barely misses you. The polar bear claws you.
* * * LOW HITPOINT WARNING * * *
A wave of flame ripples out!
The flame wave engulfs the polar bear.
The polar bear is moderately wounded.
The flame wave engulfs the polar bear!
Flame seeps out of the polar bear.
The polar bear is lightly wounded.
The polar bear is engulfed in blazing flames.
Flame seeps out of the polar bear.
The polar bear is engulfed in a cloud of scalding steam.
The polar bear closely misses you. The polar bear claws you.
* * * LOW HITPOINT WARNING * * *
The polar bear claws you.
You die...

.. #:)▓.(.[....▓▓ #.####
+.####):▓.(...[).▓▓ ...#
...####▓.[).).[.▓▓ ###..##
#^.# $#▓.).).%..▓▓ #.##..#
+..# c#▓...()...▓▓ ...#..#
#.^# h#▓.[...(..▓▓
.##'..####..##{#▓))...)..▓▓
...#.§..###..y##▓▓▓▓▓▓▓'▓▓▓▓+▓
#.##.....§~~~hhh@§§~~~~..─Xw≈▓
###~§.....~#'########+###w≈w≈▓
#~~~~~~~.§~#._._._..#l~~##≈≈≈▓
#~~~§~~~~.~#.._._._.#§§§§####▓
~~~≈§≈~~~~~#._._._._#l~~~§#
○~~~§§≈≈~~~#_._._._.#~~§§§≈
○#~≈§≈≈≈≈§~#._._._..#~~~~§≈
##≈§≈###≈≈#_._._...#~~~~≈l
##≈≈ #≈≈#._._....#~§


You could see 3 polar bears, a hornet (inner flame) and 2 crocodiles.

Vanquished Creatures
  4 necrophages (D)
4 creatures vanquished.

Vanquished Creatures (others)
  A crocodile (D)
  8 foxfires (D)
  12 tentacles (D)
21 creatures vanquished.

Grand Total: 25 creatures vanquished

Notes
Turn   | Place    | Note
-------+----------+-------------------------------------------
     0 | D        | Conn the Octopode Fire Elementalist began the quest for the
                  | Orb.
     0 | D        | Reached XP level 1. HP: 11/11 MP: 3/3
     5 | D        | Noticed a boulder beetle
     5 | D        | Noticed a boulder beetle
     8 | D        | Noticed a neqoxec
    11 | D        | Noticed a necrophage
    11 | D        | Noticed a necrophage
    11 | D        | Noticed a necrophage
    11 | D        | Noticed a necrophage
    24 | D        | Killed a necrophage
    25 | D        | Reached skill level 1 in Unarmed Combat
    25 | D        | Reached skill level 6 in Fire Magic
    25 | D        | Reached XP level 2. HP: 17/17 MP: 0/6
    25 | D        | Reached XP level 3. HP: 21/21 MP: 0/8
    25 | D        | Reached XP level 4. HP: 27/27 MP: 0/9
    27 | D        | Killed a necrophage
    28 | D        | Reached XP level 5. HP: 31/31 MP: 0/12
    33 | D        | Reached skill level 5 in Spellcasting
    43 | D        | Reached skill level 5 in Conjurations
    43 | D        | Reached skill level 7 in Fire Magic
    43 | D        | Reached XP level 6. HP: 23/36 MP: 0/15
    92 | D        | Learned a level 2 spell: Scorch
    96 | D        | Learned a level 3 spell: Inner Flame
   101 | D        | Learned a level 4 spell: Flame Wave
   105 | D        | Found a glowing silver altar of Zin.
   106 | D        | Found a glowing golden altar of the Shining One.
   106 | D        | Found a basalt altar of Yredelemnul.
   106 | D        | Found a hide-covered altar of Uskayaw.
   107 | D        | Found a shimmering altar of Xom.
   107 | D        | Found a bloodstained altar of Trog.
   107 | D        | Found a radiant altar of Vehumet.
   107 | D        | Found a burning altar of Makhleb.
   108 | D        | Found an ornate altar of the Wu Jian Council.
   108 | D        | Found a shimmering blue altar of Sif Muna.
   108 | D        | Found a corrupted altar of Lugonu.
   109 | D        | Found a sacrificial altar of Ru.
   109 | D        | Found an ancient bone altar of Kikubaaqudgha.
   109 | D        | Found a white marble altar of Elyvilon.
   109 | D        | Found a sparkling altar of Nemelex Xobeh.
   109 | D        | Found a blossoming altar of Fedhas.
   110 | D        | Found a stormy altar of Qazlal.
   110 | D        | Found a viscous altar of Jiyva.
   110 | D        | Found a shadowy altar of Dithmenos.
   111 | D        | Found a hazy altar of Hepliaklqana.
   111 | D        | Found a snail-covered altar of Cheibriados.
   114 | D        | Found an opulent altar of Gozag.
   114 | D        | Found an iron altar of Okawaru.
   118 | D        | Became a worshipper of Sif Muna the Loreminder
   130 | D        | Noticed a kraken
   272 | D        | Gained mutation: Your spells are a little easier to cast,
                  | but a little less powerful. [potion of mutation]
   272 | D        | Gained mutation: You possess an exceptional clarity of
                  | mind. [potion of mutation]
   272 | D        | Gained mutation: You have very sharp teeth. [potion of
                  | mutation]
   273 | D        | Lost mutation: Your spells are a little easier to cast, but
                  | a little less powerful. [potion of mutation]
   273 | D        | Lost mutation: You possess an exceptional clarity of mind.
                  | [potion of mutation]
   273 | D        | Lost mutation: You have very sharp teeth. [potion of
                  | mutation]
   273 | D        | Gained mutation: You sometimes lose your temper in combat.
                  | [potion of mutation]
   273 | D        | Gained mutation: You have a pair of small antennae on your
                  | head. [potion of mutation]
   277 | D        | Learned a level 1 spell: Summon Small Mammal
   282 | D        | Learned a level 4 spell: Summon Blazeheart Golem
   373 | D        | Noticed a yaktaur
   373 | D        | Noticed a hornet
   373 | D        | Noticed a polar bear
   374 | D        | Noticed a polar bear
   374 | D        | Noticed a polar bear
   383 | D        | Slain by a polar bear

Illustrated notes

Levels and vault maps discovered:
D:        the_violet_keep_of_menkaure [sprint2_stairs_cluster_1,
          sprint2_shoproom, sprint2_temple, sprint2_basic_supplies,
          sprint2_obstacle_1, sprint2_obstacle_4, sprint2_obstacle_3,
          sprint2_obstacle_6, sprint2_obstacle_7, sprint2_timed_cluster_1,
          sprint2_smallroom_cluster_1, sprint2_smallroom_final_cluster_1,
          sprint2_transparent_cluster_1, sprint2_second_timed_cluster_1,
          sprint2_sniper_area_1, sprint2_heavy_combat_area_1,
          sprint2_mutation_trap_area_1, sprint2_forest_area_1,
          sprint2_light_combat_area_1, sprint2_behind_water_1,
          sprint2_near_end_vault_1]

Skill      XL: |  1  2  3  4  5 |
---------------+----------------+-----
Dodging        | 3 4 |  4.9
Stealth        | 4 |  4.3
Unarmed Combat | 1 |  1.1
Spellcasting   | 3 4 6 |  6.1
Fire Magic     | 6 7 |  7.1
Conjurations   | 3 5 |  5.5

Action                     |  1- 3 |  4- 6 || total
---------------------------+-------+-------++-------
  Melee: Unarmed           |     5 |    13 ||    18
         Constrict         |     1 |     3 ||     4
         Punch             |     1 |     1 ||     2
         Tentacles         |       |     3 ||     3
   Cast: Foxfire           |     3 |     2 ||     5
         Inner Flame       |       |     3 ||     3
         Summon Small Mamm |       |     2 ||     2
         Summon Blazeheart |       |     1 ||     1
         Flame Wave        |       |     1 ||     1
    Use: Potion            |     2 |     6 ||     8
         Scroll            |       |     5 ||     5
 Armour: Skin              |     1 |    18 ||    19
  Dodge: Dodged            |     3 |    19 ||    22

Table legend: (Time is in decaauts)
 A = Elapsed time spent in this place.
 B = Non-inter-level travel time spent in this place.
 C = Inter-level travel time spent in this place.
 D = Time resting spent in this place.
 E = Time spent auto-exploring this place.
 F = Levels seen in this place.
 G = Mean time per level.
                   A        B        C        D        E       F      G
               +--------+--------+--------+--------+--------+-----+--------+
         Total |    374 |    374 |      0 |    103 |      0 |   1 |  374.0 |
       Dungeon |    374 |    374 |      0 |    103 |      0 |   1 |  374.0 |
               +--------+--------+--------+--------+--------+-----+--------+

Top non-repeatable levels by time:
       D: 374 daAuts
